 Dungeon Crawl Stone Soup version 0.31.0-11-ge490571c62 (webtiles) character file.

Game seed: 17799624326136627610

95 qw the Shooter (level 4, -2/22 HPs)
             Began as a Spriggan Hunter on Feb 3, 2024.
             Slain by Sigmund
             ... wielding a +0 scythe
              (3 damage)
             ... on level 4 of the Dungeon.
             The game lasted 00:00:18 (2261 turns).

qw the Shooter (Spriggan Hunter)                    Turns: 2261, Time: 00:00:18

Health: -2/22      AC:  2    Str:  7    XL:     4   Next: 39%
Magic:  5/5        EV: 20    Int: 10    God:
Gold:   79         SH:  0    Dex: 20    Spells: 3/3 levels left

rFire   . . .        a - +1 shortbow
rCold   . . .        (shield currently unavailable)
rNeg    . . .        c - +0 robe
rPois   .            (helmet restricted)
rElec   .            (no cloak)
rCorr   .            (gloves unavailable)
SInv    +            (boots unavailable)
Will    .....        (no amulet)
Stlth   ++           (no ring)
HPRegen 0.23/turn    (no ring)
MPRegen 0.09/turn

%: no passive effects
@: hasted, very quick
A: very small, no large weapons, unfitting armour, see invisible, speed 3
a: no special abilities


You were on level 4 of the Dungeon.
You visited 1 branch of the dungeon, and saw 4 of its levels.

You collected 112 gold pieces.
You spent 33 gold pieces at shops.


Innate Abilities, Weirdness & Mutations

You are very small and have problems with some larger weapons.
You are too small for most types of armour.
You have supernaturally acute eyesight. (SInv)
You cover ground extremely quickly. (Speed+++)


   Skills:
 - Level 1.5 Fighting
 - Level 5.0 Ranged Weapons
 + Level 4.8 Dodging
 - Level 1.5 Stealth


You had 3 spell levels left.
You didn't know any spells.
Your spell library was empty.

Inventory:

Hand Weapons
 a - a +1 shortbow (weapon)
Armour
 c - a +0 robe (worn)
Scrolls
 b - a scroll of enchant armour
 d - a scroll of teleportation
 i - a scroll of revelation {unknown}
 j - a scroll of poison {unknown}
Potions
 e - a potion of cancellation {unknown}
 g - 3 potions of curing
 h - a potion of berserk rage {unknown}
 k - a potion of enlightenment

Dungeon Overview and Level Annotations

Branches:
Dungeon (4/15)
 Temple: D:4-7

Altars:
Cheibriados
Gozag
Nemelex Xobeh
Uskayaw

Shops:
D:2 *!

Annotations:
D:4 Sigmund


Message History

Found a robe.
Sigmund the Dreaded comes into view.
He is wielding a +0 scythe.
2250 ||| DRINKING potion of haste.
You feel yourself speed up.
Sigmund shouts!
You shoot an arrow. The arrow closely misses Sigmund.
A white imp comes into view.
You shoot an arrow. The arrow barely misses Sigmund.
The white imp shouts!
You hear an angry hiss.
You shoot an arrow. The arrow hits Sigmund!
Sigmund is moderately wounded.
Sigmund closely misses you.
You shoot an arrow. The arrow hits Sigmund.
Sigmund is moderately wounded.
You shoot an arrow. The arrow hits Sigmund.
Sigmund is heavily wounded.
You hear an angry hiss.
Sigmund hits you from afar with a +0 scythe!
You shoot an arrow. The arrow hits Sigmund!
Sigmund is severely wounded.
An adder comes into view.
You shoot an arrow. The arrow completely misses Sigmund.
The white imp gestures at you. The puff of frost misses you.
Sigmund casts a spell at you. The puff of flame hits you!
You shoot an arrow.
The arrow hits Sigmund but does no damage.
Sigmund is severely wounded.
Sigmund closely misses you.
You shoot an arrow. The arrow hits the adder.
The adder is heavily wounded.
The adder misses you.
You shoot an arrow. The arrow hits the adder.
You kill the adder!
The white imp gestures at you. The puff of frost hits you.
Sigmund hits you from afar with a +0 scythe.
You die...
Sigmund begins carving another notch in his scythe.

..........##...###.#.
............#..# ..
...............# ##
..........#.##..#
.........####.....#
........## ....#
....|....# ##....
#.#####..# .... #
##@# #..%# .@.5...
...........
##..#7..~..... #..
.~.~~.... #.
.~~~~.### .. .~~~~..


You could see Sigmund and a white imp.

Vanquished Creatures
  6 adders
  A white imp (D:4)
  2 dart slugs
  A ribbon worm (D:2)
  5 endoplasms
  2 giant cockroaches (D:2)
  5 goblins
  2 hobgoblins (D:3)
  2 jackals
  4 kobolds
  A quokka (D:1)
  A ball python (D:2)
  2 bats
  4 frilled lizards
38 creatures vanquished.

Vanquished Creatures (others)
  A jackal (D:4)
1 creature vanquished.

Grand Total: 39 creatures vanquished

Notes
Turn   | Place    | Note
-------+----------+-------------------------------------------
     0 | D:1      | qw the Spriggan Hunter began the quest for the Orb.
     0 | D:1      | Reached XP level 1. HP: 10/10 MP: 2/2
     0 | D:1      | 0 ||| qw: Version: 0.3-a-155-g5e7d8dd
     0 | D:1      | 0 ||| qw: Game counter: 3278
     0 | D:1      | 0 ||| qw: Melee chars always use a shield: true
     0 | D:1      | 0 ||| qw: God list: Okawaru
     0 | D:1      | 0 ||| qw: Allow faded altars: false
     0 | D:1      | 0 ||| qw: Do Orc after clearing Dungeon:15 true
     0 | D:1      | 0 ||| qw: Do second Lair branch before Depths: true
     0 | D:1      | 0 ||| qw: Lair rune preference: random
     0 | D:1      | 0 ||| qw: Goals: Normal
     0 | D:1      | 0 ||| PLANNING D:1-11
    18 | D:1      | Reached skill level 3 in Dodging
   446 | D:1      | Reached XP level 2. HP: 14/14 MP: 3/3
   533 | D:1      | Found a faded altar of an unknown god.
   579 | D:1      | 579 ||| DROPPING scarf of invisibility.
   580 | D:1      | 580 ||| READING 2 scrolls labelled HYNOOBI JIEM.
   585 | D:1      | 585 ||| READING scroll labelled ADYFFI WYSO.
   585 | D:1      | 585 ||| IDENTIFYING fizzy emerald potion
   586 | D:1      | 586 ||| READING scroll labelled QESHRO GOUSSALO.
   687 | D:1      | 687 ||| DROPPING scroll of butterflies.
   717 | D:2      | Found Nostried's General Store.
   726 | D:2      | 726 ||| SHOPLISTING potion of might (56 gold, have 20).
   726 | D:2      | 726 ||| SHOPLISTING scroll of enchant armour (105 gold,
                  | have 20).
   726 | D:2      | 726 ||| SHOPLISTING scroll of identify (28 gold, have 20).
   864 | D:2      | Reached XP level 3. HP: 14/18 MP: 4/4
   919 | D:2      | Found a hide-covered altar of Uskayaw.
  1139 | D:2      | Found Mocy's Distillery.
  1142 | D:2      | 1142 ||| BUYING potion of curing (33 gold).
  1142 | D:2      | Bought a potion of curing for 33 gold pieces
  1142 | D:2      | 1142 ||| SHOPLISTING potion of curing (33 gold, have 11).
  1142 | D:2      | 1142 ||| SHOPLISTING potion of haste (110 gold, have 11).
  1142 | D:2      | 1142 ||| SHOPLISTING potion of heal wounds (55 gold, have
                  | 11).
  1142 | D:2      | 1142 ||| SHOPLISTING potion of mutation (88 gold, have 11).
  1355 | D:2      | 1355 ||| READING 2 scrolls labelled VUIS ANYTI.
  1356 | D:2      | 1356 ||| DROPPING scroll of fog.
  1510 | D:3      | Found a snail-covered altar of Cheibriados.
  1557 | D:3      | Identified the +1 spear of Parts Unknown {drain, rC+ Dex+4}
  1607 | D:3      | Found an opulent altar of Gozag.
  1607 | D:3      | Found a sparkling altar of Nemelex Xobeh.
  1695 | D:3      | Reached skill level 5 in Ranged Weapons
  1910 | D:3      | Reached XP level 4. HP: 18/22 MP: 5/5
  2181 | D:3      | 2181 ||| READING 2 scrolls labelled UNYINA SYUNYNT.
  2181 | D:3      | 2181 ||| ENCHANTING +0 shortbow.
  2182 | D:3      | 2182 ||| READING scroll labelled HAEDUSIUMU.
  2182 | D:3      | 2182 ||| ENCHANTING +0 shortbow.
  2183 | D:3      | 2183 ||| READING scroll labelled ZEF VAXZUNIQ.
  2184 | D:3      | 2184 ||| DRINKING 2 glowing coppery potions.
  2197 | D:4      | 2197 ||| STAIRDANCE
  2249 | D:4      | Noticed Sigmund
  2250 | D:4      | 2250 ||| DRINKING potion of haste.
  2261 | D:4      | HP: 1/22 [white imp/puff of frost (6)]
  2261 | D:4      | Slain by Sigmund

Levels and vault maps discovered:
D:1:      orjb1_clovarrival, layout_rooms,
          shapermc_ecumenical_altar_mp_urbaneastern, minmay_misc_feat_encased,
          chequers_serial_rivers_marsh, hex_intersection, patterned_corridor
D:2:      layout_loops_cross, basic_altar, serial_shops, shop, shop,
          chequers_serial_rivers_micro_d
D:3:      layout_loops_corners, grunt_temple_overflow_opulence,
          mainiacjoe_overflow_brackets
D:4:      layout_cave_pools, general_overflow_altar, serial_demonic,
          serial_demonic_e, serial_demonic_f, serial_demonic_g,
          serial_demonic_a, uniq_sigmund

Skill      XL: |  1  2  3 |
---------------+----------+-----
Dodging        | 3 4 |  4.8
Ranged Weapons | 5 |  5.0
Fighting       | |  1.5
Stealth        | |  1.5

Action                     |  1- 3 |  4- 6 || total
---------------------------+-------+-------++-------
   Fire: Shortbow          |    94 |    24 ||   118
    Use: Scroll            |     4 |     3 ||     7
         Potion            |       |     2 ||     2
 Armour: Robe              |    12 |     5 ||    17
  Dodge: Dodged            |    32 |    17 ||    49

Table legend:
 A = Non-vault XP
 B = Vault XP
 C = Vault XP percentage of total XP
 D = Non-vault monster count
 E = Vault monster count
 F = Vault count percentage of total count
                 A         B        C        D         E       F
            +---------+---------+-------+---------+---------+-------
      Total |     138 |      11 |   7.4 |      37 |       1 |   2.6
            +---------+---------+-------+---------+---------+-------
        D:1 |      13 |       0 |   0.0 |       7 |       0 |   0.0
        D:2 |      62 |       0 |   0.0 |      14 |       0 |   0.0
        D:3 |      47 |       0 |   0.0 |      13 |       0 |   0.0
        D:4 |      16 |      11 |  40.7 |       3 |       1 |  25.0
            +---------+---------+-------+---------+---------+-------
